 Dungeon Crawl Stone Soup version 0.30-a0-748-ge6a52f7cba (webtiles) character file.

Game seed: 6916889894789614412

302 boo the Insei (level 6, -1/48 HPs)
             Began as a Demonspawn Monk on Feb 9, 2023.
             Slain by an ogre
             ... wielding a +0 giant spiked club
              (29 damage)
             ... on level 4 of the Dungeon.
             The game lasted 00:05:52 (3171 turns).

boo the Insei (Demonspawn Monk)                     Turns: 3171, Time: 00:05:53

Health: -1/48      AC: 10    Str: 13    XL:     6   Next: 14%
Magic:  6/6        EV: 12    Int: 17    God:
Gold:   256        SH:  4    Dex: 16    Spells: 5/5 levels left

rFire   . . .      SeeInvis .      - Unarmed
rCold   . . .      Faith    .    (no shield)
rNeg    . . .      Spirit   .    f - +0 ring mail
rPois   .          Reflect  .    (no helmet)
rElec   .          Harm     .    (no cloak)
rCorr   .          Rampage  .    (no gloves)
Will    .....                    g - +2 pair of boots {Stlth+}
Stlth   ++                       (no amulet)
HPRegen 0.28/turn                m - +6 ring of intelligence
MPRegen 0.10/turn                (no ring)

@: no status effects
A: molten scales 1, powered by death 1, condensation shield
a: no special abilities


You were on level 4 of the Dungeon.
You visited 1 branch of the dungeon, and saw 4 of its levels.

You collected 256 gold pieces.

Inventory:

Armour
 f - a +0 ring mail (worn)
 g - a +2 pair of boots of stealth (worn)
Jewellery
 m - a +6 ring of intelligence (left hand)
Scrolls
 a - a scroll of noise {unknown}
 h - a scroll of identify
 i - a scroll of teleportation
 j - 2 scrolls of amnesia
 l - a scroll of enchant weapon {unknown}
 n - a scroll of torment {unknown}
 o - a scroll of butterflies {unknown}
 p - a scroll of enchant armour {unknown}
Potions
 c - a potion of magic
 e - 2 potions of invisibility
 k - a potion of curing {unknown}
 q - a potion of cancellation {unknown}
 r - 2 potions of flight


   Skills:
 + Level 4.2 Fighting
 + Level 3.9 Dodging
 - Level 1.7 Stealth
 * Level 4.8 Unarmed Combat


You had 5 spell levels left.
You didn't know any spells.
Your spell library was empty.

Dungeon Overview and Level Annotations

Branches:
Dungeon (4/15)
 Temple: D:4-7

Altars:
Dithmenos
Ru


Innate Abilities, Weirdness & Mutations

You are partially covered in molten scales. (AC +2)
You regenerate a little health from kills.
A meltable shield of frost defends you. (SH +4)


Message History

You start resting.
HP restored.
You see here a +0 flail.
You now have 256 gold pieces (gained 9).
Found a stone staircase leading down.
Found a glowing golden altar of the Shining One.
No target in view!
No target in view!
Found a hand axe.
An ogre comes into view. It is wielding a +0 giant spiked club.
The ogre shouts!
The ogre closely misses you.
You hit the ogre but do no damage. You punch the ogre.
The ogre is lightly wounded.
You hit the ogre but do no damage.
The ogre is lightly wounded.
The ogre barely misses you.
You hit the ogre. You punch the ogre.
The ogre is moderately wounded.
You hit the ogre.
The ogre is heavily wounded.
The ogre hits you with a +0 giant spiked club.
You completely miss the ogre.
The ogre is heavily wounded.
The ogre hits you with a +0 giant spiked club!
You hit the ogre.
The ogre is heavily wounded.
You hit the ogre.
The ogre is heavily wounded.
The ogre closely misses you.
You hit the ogre.
The ogre is severely wounded.
You barely miss the ogre.
The ogre is severely wounded.
The ogre barely misses you.
You barely miss the ogre.
The ogre is severely wounded.
The ogre hits you with a +0 giant spiked club!!
Ouch! That really hurt!
You die...

..........## .#.#..#
.......##..##..#..##..
........>...##...##..#
......###....## #...
(.....# ##.#..###..#
......# #.#...#...# #
#####.. #.###.#.#.#.#
..# #.......##. .##
##.@....... #.
#..O...... #.
#........# #......)..
.......### .....##.#
..##.# .# ........ ...
.# # .#......# #...#


You could see an ogre.

Vanquished Creatures
  Eustachio (D:4)
  An orc priest (D:3)
  2 gnolls (D:4)
  3 adders
  3 worms
  4 dart slugs
  2 orcs (D:3)
  2 bats
  8 endoplasms
  A giant cockroach (D:2)
  5 goblins
  3 hobgoblins
  4 jackals (D:3)
  2 kobolds
  7 quokkas
  6 ball pythons
  2 rats (D:3)
56 creatures vanquished.

Notes
Turn   | Place    | Note
-------+----------+-------------------------------------------
     0 | D:1      | boo the Demonspawn Monk began the quest for the Orb.
     0 | D:1      | Reached XP level 1. HP: 18/18 MP: 1/1
   488 | D:1      | Gained mutation: You are partially covered in molten
                  | scales. (AC +2) [demonic ancestry]
   488 | D:1      | Reached XP level 2. HP: 20/24 MP: 2/2
   745 | D:1      | Found a faded altar of an unknown god.
   831 | D:1      | Gained mutation: A meltable shield of frost defends you.
                  | (SH +4) [demonic ancestry]
   831 | D:1      | Reached XP level 3. HP: 29/29 MP: 3/3
  1627 | D:2      | Reached XP level 4. HP: 34/35 MP: 4/4
  2447 | D:3      | Found a sacrificial altar of Ru.
  2774 | D:4      | Noticed a scorpion
  2785 | D:4      | Found a shadowy altar of Dithmenos.
  2811 | D:4      | Noticed Eustachio
  2813 | D:4      | HP: 2/55 [poisoned by a scorpion]
  2836 | D:4      | Killed Eustachio
  2837 | D:4      | Reached XP level 5. HP: 8/42 MP: 5/5
  2837 | D:4      | Gained mutation: You regenerate a little health from kills.
                  | [demonic ancestry]
  2837 | D:4      | Reached XP level 6. HP: 10/48 MP: 6/6
  3171 | D:4      | Slain by an ogre

Illustrated notes

Levels and vault maps discovered:
D:1:      lightli_arrival_flooded_house, layout_loops_ring,
          ebering_ecumenical_altar_rust
D:2:      layout_loops_ring
D:3:      layout_loops_corners, nicolae_ru_the_path_less_chosen
D:4:      layout_rooms, nicolae_dithmenos_shadow_blocks, tso_metal_star,
          fountainhead, uniq_eustachio

Skill      XL: |  1  2  3  4 |
---------------+-------------+-----
Unarmed Combat | 3 4 |  4.8
Dodging        | 3 |  3.9
Fighting       | 4 |  4.2
Stealth        | |  1.7

Action                     |  1- 3 |  4- 6 || total
---------------------------+-------+-------++-------
  Melee: Unarmed           |   187 |   124 ||   311
         Punch             |     4 |     4 ||     8
    Use: Scroll            |       |     7 ||     7
         Potion            |       |     2 ||     2
   Stab: Sleeping          |     6 |     5 ||    11
 Armour: Robe              |     6 |       ||     6
         Ring mail         |    54 |    29 ||    83
         Skin              |       |    79 ||    79
  Dodge: Dodged            |    76 |    71 ||   147
  Block: Other             |    10 |    20 ||    30

Table legend: (Time is in decaauts)
 A = Elapsed time spent in this place.
 B = Non-inter-level travel time spent in this place.
 C = Inter-level travel time spent in this place.
 D = Time resting spent in this place.
 E = Time spent auto-exploring this place.
 F = Levels seen in this place.
 G = Mean time per level.
                   A        B        C        D        E       F      G
               +--------+--------+--------+--------+--------+-----+--------+
         Total |   3152 |   3030 |    122 |    626 |   1770 |   4 |  788.0 |
       Dungeon |   3152 |   3030 |    122 |    626 |   1770 |   4 |  788.0 |
               +--------+--------+--------+--------+--------+-----+--------+

Top non-repeatable levels by time:
     D:3: 1060 daAuts
     D:1: 976 daAuts
     D:2: 661 daAuts
     D:4: 454 daAuts
